 Dungeon Crawl Stone Soup version 0.20.2-3-g29329e0561 (webtiles) character file.

1085 Alfie the Slasher (level 8, -1/70 HPs)
             Began as a Minotaur Fighter on Nov 12, 2020.
             Shot with an arrow by a centaur (4 damage)
             ... on level 5 of the Dungeon.
             The game lasted 00:08:43 (2881 turns).

Alfie the Slasher (Minotaur Fighter)                Turns: 2881, Time: 00:08:44

Health: -1/70      AC: 14    Str: 30    XL:     8   Next: 9%
Magic:  7/7        EV:  6    Int:  9    God:
Gold:   251        SH: 11    Dex: 10    Spells: 7/7 levels left

rFire    . . .     SeeInvis +   a - +0 long sword
rCold    . . .     Gourm    .   c - +0 shield
rNeg     . . .     Faith    .   r - +0 plate armour
rPois    .         Spirit   .   (helmet restricted)
rElec    .         Reflect  .   (no cloak)
rCorr    .         Harm     .   (no gloves)
MR       .....                  i - +0 pair of boots
Stlth    ..........             (no amulet)
Regen    0.3/turn               l - ring of see invisible
MPRegen  0.1/turn               (no ring)

@: mighty
A: retaliatory headbutt, horns 2, clever 2, strong 1
a: no special abilities


You were on level 5 of the Dungeon.
You were not hungry.

You visited 1 branch of the dungeon, and saw 5 of its levels.

You collected 251 gold pieces.

Inventory:

Hand Weapons
 a - a +0 long sword (weapon)
Missiles
 g - 8 tomahawks (quivered)
Armour
 c - a +0 shield (worn)
 i - a +0 pair of boots (worn)
 r - a +0 plate armour (worn)
Jewellery
 j - an uncursed ring of protection from magic {unknown}
 l - a ring of see invisible (left hand)
 u - an uncursed ring of fire {unknown}
Wands
 h - a wand of iceblast (8/15)
 m - a wand of paralysis (18/24)
Scrolls
 b - a scroll of identify
 e - 2 scrolls of magic mapping
 o - a scroll of teleportation
 s - 2 scrolls of remove curse
 t - a scroll of recharging
Potions
 d - 2 potions of might
 k - a potion of mutation
 n - a potion of haste
Comestibles
 f - 2 bread rations
 p - a royal jelly
 q - 2 meat rations


   Skills:
 + Level 6.1 Fighting
 + Level 7.9 Long Blades
 + Level 6.1 Armour
 + Level 0.4 Dodging
 + Level 0.3 Stealth
 + Level 5.8 Shields


You had 7 spell levels left.
You didn't know any spells.

Dungeon Overview and Level Annotations

Branches:
Dungeon (5/15)             Temple (0/1) D:4

Altars:
Trog
The Shining One


Innate Abilities, Weirdness & Mutations

You reflexively headbutt those who attack you in melee.
You have a pair of horns on your head.
Your mind is very acute. (Int +4)
Your muscles are strong. (Str +2)


Message History

The crimson imp blinks!
You block Menkaure's attack.
You barely miss Menkaure.
Menkaure is lightly damaged.
Menkaure hits you but does no damage.
You slice Menkaure!!
Menkaure is almost destroyed.
Menkaure hits you!
* * * LOW HITPOINT WARNING * * *
A centaur comes into view.
The centaur shouts!
You hit Menkaure.
You destroy Menkaure!
Your Fighting skill increases to level 6!
You have reached level 8!
You feel stronger.
The centaur wields a shortbow.
The centaur shoots an arrow.
The arrow hits you but does no damage.
You completely miss the crimson imp.
The crimson imp blinks!
The centaur shoots an arrow.
The arrow hits you.
You die...

...>'..(.......+.......## #.# ##
....####.......#######..###.#####
....# ####'#'## ##.##[.....#
....# #.#.# #<.......... ....#
#.#.# ###.#..###.. ....#
#.#.##########+#..###.. ....###
#.#.#...............#.. ......#
#.#.'...........#.#.#.. ......#
#.###.@.........#.#.... #.....#
#+# ##ยง########.#...... #######
........# #.......... ........#
#.......... ......5## #..........
.)..... #.......... ...c...
#.......... ....... #...#.#####
....... #...#>...#


You could see a centaur and a crimson imp.

Vanquished Creatures
  Grinder (D:5)
  Sigmund (D:2)
  Menkaure (D:5)
  A phantom (D:4)
  A scorpion (D:5)
  2 hounds
  2 orc priests
  2 iguanas
  Ijyb (D:5)
  3 orc wizards
  3 worker ants
  A killer bee zombie (D:5)
  A hound skeleton (D:3)
  2 adders
  A shadow imp (D:5)
  An ooze (D:4)
  A worm (D:2)
  3 dart slugs
  A leopard gecko (D:4)
  6 orcs
  3 giant cockroaches
  6 goblins
  6 hobgoblins
  7 kobolds
  2 ball pythons
  5 bats
  9 frilled lizards
  A leopard gecko skeleton (D:4)
  7 rats
81 creatures vanquished.

Notes
Turn   | Place    | Note
-------+----------+-------------------------------------------
     0 | D:1      | Alfie the Minotaur Fighter began the quest for the Orb.
     0 | D:1      | Reached XP level 1. HP: 19/19 MP: 0/0
   266 | D:1      | Reached XP level 2. HP: 27/27 MP: 1/1
   866 | D:2      | Found a faded altar of an unknown god.
   887 | D:2      | Reached skill level 3 in Long Blades
   890 | D:2      | Reached XP level 3. HP: 32/33 MP: 2/2
  1057 | D:2      | Noticed Sigmund
  1073 | D:2      | Killed Sigmund
  1073 | D:2      | Reached skill level 4 in Long Blades
  1073 | D:2      | Reached XP level 4. HP: 27/41 MP: 3/3
  1073 | D:2      | Reached XP level 5. HP: 31/47 MP: 4/4
  1210 | D:2      | Reached skill level 5 in Long Blades
  1675 | D:3      | Found a glowing golden altar of the Shining One.
  1679 | D:3      | Reached XP level 6. HP: 53/55 MP: 5/5
  1889 | D:4      | Reached skill level 5 in Fighting
  1907 | D:4      | Reached skill level 5 in Armour
  2081 | D:4      | Reached skill level 6 in Long Blades
  2090 | D:4      | Found a staircase to the Ecumenical Temple.
  2219 | D:4      | Reached skill level 5 in Shields
  2335 | D:5      | Entered Level 5 of the Dungeon
  2346 | D:5      | Noticed Grinder
  2358 | D:5      | Reached XP level 7. HP: 19/61 MP: 6/6
  2366 | D:5      | HP: 3/61 [Grinder/nerve-wracking pain (12)]
  2370 | D:5      | Paralysed by Grinder for 6 turns
  2377 | D:5      | Gained mutation: Your mind is acute. (Int +2) [potion of mutation]
  2377 | D:5      | Gained mutation: Your mind is very acute. (Int +4) [potion of mutation]
  2377 | D:5      | Gained mutation: Your muscles are strong. (Str +2) [potion of mutation]
  2470 | D:5      | Noticed Ijyb
  2476 | D:5      | Killed Ijyb
  2518 | D:5      | Paralysed by Grinder for 3 turns
  2530 | D:5      | HP: 3/61 [Grinder (6)]
  2532 | D:5      | Killed Grinder
  2532 | D:5      | Reached skill level 7 in Long Blades
  2716 | D:5      | Found a bloodstained altar of Trog.
  2868 | D:5      | Noticed Menkaure
  2879 | D:5      | HP: 2/62 [Menkaure (8)]
  2880 | D:5      | Killed Menkaure
  2880 | D:5      | Reached XP level 8. HP: 3/70 MP: 7/7
  2881 | D:5      | Shot with an arrow by a centaur

Skill      XL: |  1  2  3  4  5  6  7 |
---------------+----------------------+-----
Fighting       | 4 5 6 |  6.1
Long Blades    | 3 4 5 6 7 |  7.9
Armour         | 4 5 6 |  6.1
Shields        | 4 5 |  5.8
Dodging        | |  0.4
Stealth        | |  0.3

Action                   |  1- 3 |  4- 6 |  7- 9 || total
-------------------------+-------+-------+-------++-------
Melee: Long sword        |    74 |   127 |    62 ||   263
       Headbutt          |    10 |    18 |    16 ||    44
  Use: Scroll            |     5 |     4 |     1 ||    10
       Potion            |       |     4 |     2 ||     6
  Eat: Fruit             |     1 |     2 |       ||     3
       Bread ration      |       |     1 |       ||     1
Armor: Scale mail        |    22 |       |       ||    22
       Plate armour      |    19 |    95 |    37 ||   151
Dodge: Dodged            |    28 |    22 |    15 ||    65
Block: Shield            |    31 |    63 |    21 ||   115
       Rpst.: Long sword |     2 |     7 |     4 ||    13
